Get step-by-step instructions on how to execute this build order below. Start the game timer, and the build order will tick by so you can play in parallel with StarCraft on a second screen or mobile device.

Game Time

  0:00

Last Step

  N/A

Next Step

  12  0:02  Probe (Chrono Boost)  

Upcoming Step

  13  0:11  Probe (Chrono Boost)  

Don't want to look back and forth between 2 screens? Try out our Overwolf App, the Spawning Tool Build Advisor to get an in-game overlay with this build!

Complete Build Order

  12  0:02  Probe (Chrono Boost)  
  13  0:11  Probe (Chrono Boost)  
  14  0:18  Pylon  
  14  0:21  Probe  
  15  0:36  Probe  
  15  0:40  Gateway  
  16  0:45  Assimilator  
  16  0:48  Probe  
  17  1:00  Probe (Chrono Boost)  
  18  1:12  Probe (Chrono Boost)  
  19  1:20  Probe (Chrono Boost)  
  20  1:27  Zealot  
  20  1:30  Cybernetics Core  
  20  1:32  Pylon  
  22  1:33  Assimilator  
  22  1:54  Zealot (Chrono Boost)  
  24  2:18  Zealot (Chrono Boost)  
  26  2:28  Warp Gate  
  26  2:32  Twilight Council  
  29  2:44  Probe  
  29  2:57  Probe  
  28  3:06  Blink (Chrono Boost)  
  28  3:12  Probe  
  29  3:18  Nexus  
  29  3:24  Probe  
  29  3:25  Pylon  
  30  3:36  Probe  
  31  3:48  Probe  
  30  4:00  Probe  
  27  4:04  Gateway  
  27  4:08  Gateway  
  27  4:12  Probe (Chrono Boost)  
  27  4:16  Robotics Facility  
  28  4:24  Probe (Chrono Boost)  
  29  4:33  Probe (Chrono Boost)  
  29  4:36  Probe (Chrono Boost)  
  31  4:38  Probe  
  31  4:45  Gateway  
  32  4:46  Probe  
  32  4:50  Forge  
  32  4:51  Probe  
  34  4:58  Probe  
  35  5:01  Assimilator  
  35  5:03  Probe  
  36  5:07  Warp Prism (Chrono Boost)  
  36  5:10  Probe  
  39  5:15  Probe  
  39  5:19  Pylon  
  40  5:22  Probe  
  40  5:24  Assimilator  
  40  5:26  Stalker  
  40  5:27  Probe  
  44  5:29  Stalker  
  44  5:34  Probe  
  44  5:35  Stalker  
  49  5:39  Stalker  
  51  5:45  Probe  
  52  5:50  Templar Archives  
  52  5:52  Pylon  
  52  5:53  Pylon  
  53  6:04  Observer (Chrono Boost), Protoss Ground Weapons Level 1  
  53  6:15  Stalker x4  
  61  6:23  Probe  
  62  6:41  Stalker x4  
  62  6:45  Probe  
  69  6:54  Probe  
  69  6:56  Warp Prism  
  69  6:57  Probe  
  73  7:20  Probe  
  68  7:28  Probe  
  63  7:32  Probe  
  58  7:40  Warp Prism  
  58  7:41  Probe  
  58  7:44  Probe  
  58  7:46  Stalker x3  
  58  7:47  Stalker  
  63  7:53  Probe  
  63  7:56  Probe  
  65  8:01  Gateway  
  65  8:05  Probe, Gateway, Protoss Ground Weapons Level 2 (Chrono Boost)  
  64  8:06  Nexus  
  64  8:08  Probe  
  64  8:09  Pylon  
  64  8:11  Gateway, Pylon  
  65  8:12  Pylon  
  65  8:30  Stalker x3  
  65  8:31  Stalker  
  73  8:41  Shield Battery  
  73  8:43  Shield Battery  
  73  8:45  Gateway  
  73  8:46  Probe  
  73  8:47  Gateway  
  74  8:53  Probe  
  75  8:58  Probe  
  75  9:01  Stalker x4  
  84  9:15  Probe  
  85  9:20  Assimilator  
  85  9:21  Probe x2  
  85  9:24  Assimilator  
  87  9:26  Pylon  
  87  9:27  Probe  
  87  9:28  Pylon  
  87  9:29  Observer  
  89  9:44  Stalker x3  
  89  9:45  Stalker  
  95  9:51  Nexus  
  95  9:59  Stalker x4  
  101  10:18  Probe x2  
  103  10:26  High Templar x4  
  103  10:27  High Templar x5  
  121  10:30  Archon x2  
  121  10:31  Archon x2  
  121  10:36  Pylon  
  121  10:38  Pylon  
  121  10:41  Assimilator  
  121  10:56  Gateway  
  121  10:57  Gateway  
  121  10:59  Gateway  
  121  11:01  Gateway  
  121  11:03  Pylon  
  121  11:07  High Templar x2  
  121  11:08  High Templar  
  121  11:09  High Templar  
  121  11:10  Stalker  
  121  11:11  Stalker  
  133  11:12  Archon x2  
  133  11:20  High Templar  
  133  11:24  Archon  
  133  11:25  Probe  
  136  11:26  Probe  
  136  11:28  Probe  
  136  11:29  Probe  
  139  11:37  Probe  
  139  11:38  Probe  
  133  11:40  Probe  
  133  11:41  Probe  
  123  11:50  Stalker x6  
  123  11:51  Stalker x2